 Dungeon Crawl Stone Soup version 0.21-a0-504-g2eda330 (webtiles) character file.

498 4thArraOfDagon the Firebug (level 7, 0/46 HPs)
             Began as a Barachi Fire Elementalist on Nov 25, 2017.
             Was a Believer of Qazlal.
             Slain by an ice beast (8 damage)
             ... on level 5 of the Dungeon.
             The game lasted 00:10:02 (1821 turns).

4thArraOfDagon the Firebug (BaFE)                   Turns: 1821, Time: 00:10:03

Health: 0/46       AC:  3    Str:  9    XL:     7   Next: 16%
Magic:  0/13       EV: 18    Int: 17    God:    Qazlal [**....]
Gold:   221        SH:  2    Dex: 18    Spells: 1/14 levels left

rFire    . . .     SeeInvis .   f - +1 short sword
rCold    . . .     Gourm    .   (no shield)
rNeg     . . .     Faith    .   a - +0 robe
rPois    .         Spirit   .   i - +0 helmet
rElec    .         Reflect  .   (no cloak)
rCorr    .         Harm     .   (no gloves)
MR       .....     Rnd*Tele +   (no boots)
Stlth    +++.......             (no amulet)
HPRegen  0.15/turn              q - ring of teleportation (curse)
MPRegen  0.13/turn              (no ring)

@: agile, can't hop, very slightly contaminated, slow
A: +LOS, swims, slowness 1, strong legs 1
a: Hop, Upheaval, Renounce Religion


You were on level 5 of the Dungeon.
You worshipped Qazlal.
Qazlal was pleased with you.
You were hungry.

You visited 1 branch of the dungeon, and saw 6 of its levels.

You collected 221 gold pieces.

Inventory:

Hand Weapons
 f - a +1 short sword (weapon)
 t - a +0 war axe
Armour
 a - a +0 robe (worn)
 i - a +0 helmet (worn)
Jewellery
 q - a cursed ring of teleportation (left hand)
Wands
 g - a wand of paralysis (9)
Scrolls
 d - a scroll of enchant weapon
 e - a scroll of random uselessness {unknown}
 h - 2 scrolls of fog {unknown}
 l - 2 scrolls of remove curse {unknown}
 m - a scroll of amnesia
 n - 3 scrolls of magic mapping {unknown}
 p - 3 scrolls of teleportation
 s - a scroll of enchant armour {unknown}
Potions
 r - a potion of curing {unknown}
 v - a potion of heal wounds {unknown}
Books
 b - a book of Flames

   Spells                             Type                      Level
   a - Flame Tongue                   Conjuration/Fire             1
   b - Throw Flame                    Conjuration/Fire             2
   c - Conjure Flame                  Conjuration/Fire             3
   d - Inner Flame                    Hexes/Fire                   3
   e - Sticky Flame                   Conjuration/Fire             4
   f - Fireball                       Conjuration/Fire             5
 u - a book of Geomancy

   Spells                             Type                      Level
   a - Sandblast                      Earth                        1
   b - Passwall                       Transmutation/Earth          2
   c - Stone Arrow                    Conjuration/Earth            3
   d - Petrify                        Transmutation/Earth          4
   e - Lee's Rapid Deconstruction     Earth                        5
Comestibles
 c - 3 bread rations
 j - 3 royal jellies
 o - 3 chunks of flesh
 w - a meat ration


   Skills:
 + Level 0.0 Fighting
 - Level 2.1 Dodging
 - Level 1.7 Stealth
 - Level 4.2 Spellcasting
 - Level 4.9 Conjurations
 - Level 5.9 Fire Magic
 + Level 0.0 Invocations


You had one spell level left.
You knew the following spells:

 Your Spells              Type           Power        Failure   Level  Hunger
a - Flame Tongue          Conj/Fire      ###..        1%          1    None
b - Conjure Flame         Conj/Fire      ###.....     4%          3    ###....
c - Sticky Flame          Conj/Fire      ###.....     17%         4    ####...
d - Lee's Rapid Deconstr  Erth           #.........   99%         5    ######.


Dungeon Overview and Level Annotations

Branches:
Dungeon (6/15)
 Temple: D:4-7

Altars:
Gozag
Kikubaaqudgha
Qazlal
Sif Muna
Vehumet

Annotations:
D:6 Edmund


Innate Abilities, Weirdness & Mutations

Shadows flee at your approach. (+LOS)
You can swim through water.
You cover ground slowly.
You can hop short distances.


Message History

Aiming: Flame Tongue
Press: ? - help, Shift-Dir - straight line, f/p - ice beast
Aim: an ice beast
Okay, then.
The ice beast hits you. The ice beast freezes you.
Hop to where?
Press: ? - help, Dir - move target cursor, p - ice beast Boing!
You feel agile all of a sudden. The ice beast hits you.
The ice beast freezes you.
* * * LOW HITPOINT WARNING * * *
Casting: Flame Tongue
Confirm with . or Enter, or press ? or * to list all spells.
Aiming: Sticky Flame
Press: ? - help, Shift-Dir - straight line, f - ice beast
Aim: an ice beast You miscast Sticky Flame.
You smell smoke.
The ice beast hits you.
* * * LOW HITPOINT WARNING * * *
The ice beast freezes you!
You die...

##.##)# #.#.# ##
##.##.########.#.### #.
.............#....<# #.#
##.##.>......).....#####.## #.
##.##.##..†...........#
#.##.####.....#####..#
#...............# #..#
..##.######.###.###..#######
#<##.# ###@###.............
Y#####.##.####...Y##..##..####..#
....(...........#.........# #..#
#.#######....##..###.# #†.#
.#####.# ###.###..# ..# #..#
.......### #......# .## #..#
######.#.............###.# #...
#.#.###########.###.## #.## #.#.#
#.##...## #.#


You could see an ice beast.

Vanquished Creatures
  A sky beast (D:6)
  A howler monkey (D:2)
  A centaur skeleton (D:5)
  2 bullfrog skeletons
  2 hounds (D:5)
  3 orc wizards
  A worker ant (D:4)
  4 adders
  An adder skeleton (D:5)
  A dart slug (D:2)
  5 leopard geckos
  12 orcs
  2 giant cockroaches (D:2)
  3 hobgoblins
  10 jackals
  9 kobolds
  6 bats
  4 frilled lizards
  8 goblins
  4 rats
80 creatures vanquished.

Notes
Turn   | Place    | Note
-------+----------+-------------------------------------------
     0 | D:1      | 4thArraOfDagon the Barachi Fire Elementalist began the quest for the Orb.
     0 | D:1      | Reached XP level 1. HP: 13/13 MP: 3/3
   179 | D:2      | Reached XP level 2. HP: 13/19 MP: 0/5
   375 | D:2      | Noticed a howler monkey
   396 | D:2      | Killed a howler monkey
   396 | D:2      | Reached skill level 4 in Fire Magic
   396 | D:2      | Reached XP level 3. HP: 5/24 MP: 0/7
   401 | D:2      | Learned a level 3 spell: Conjure Flame
   521 | D:2      | Reached XP level 4. HP: 21/30 MP: 1/8
   757 | D:2      | Found a stormy altar of Qazlal.
   768 | D:2      | Became a worshipper of Qazlal Stormbringer
   808 | D:2      | Learned a level 4 spell: Sticky Flame
  1037 | D:3      | Reached * piety under Qazlal
  1037 | D:3      | Reached XP level 5. HP: 35/35 MP: 5/9
  1161 | D:3      | Reached skill level 5 in Fire Magic
  1188 | D:3      | Found a radiant altar of Vehumet.
  1192 | D:3      | Found an ancient bone altar of Kikubaaqudgha.
  1194 | D:3      | Found a deep blue altar of Sif Muna.
  1199 | D:3      | Identified Kikubaaqudgha's Reference Book on Evil
  1301 | D:4      | Found an opulent altar of Gozag.
  1307 | D:4      | Reached XP level 6. HP: 36/41 MP: 4/10
  1397 | D:5      | Entered Level 5 of the Dungeon
  1434 | D:5      | Noticed an ice beast
  1450 | D:6      | Noticed Edmund
  1451 | D:6      | Noticed a sky beast
  1459 | D:6      | Killed a sky beast
  1675 | D:5      | Reached XP level 7. HP: 37/46 MP: 6/12
  1719 | D:5      | Learned a level 5 spell: Lee's Rapid Deconstruction
  1791 | D:5      | Reached ** piety under Qazlal
  1821 | D:5      | Slain by an ice beast

Vault maps used:
D:1:      minmay_arrival_stair_chambers
D:2:      marbit_many_paths
D:3:      grunt_temple_overflow_magic_moments, xom_butterflies
D:4:      grunt_gozag_statues, first_bread
D:5:      hangedman_glass_teeth
D:6:      nicolae_ru_awakened_eye, yredelemnul_altar_generic, uniq_edmund,
          uniq_blork_the_orc, uniq_prince_ribbit1

Skill      XL: |  1  2  3  4  5  6  7 |
---------------+----------------------+-----
Conjurations   | 2 3 4 |  4.9
Fire Magic     | 4 5 |  5.9
Spellcasting   | 3 4 |  4.2
Dodging        | |  2.1
Stealth        | |  1.7

Action                   |  1- 3 |  4- 6 |  7- 9 || total
-------------------------+-------+-------+-------++-------
Melee: Unarmed           |    34 |       |       ||    34
       Short sword       |       |    34 |     7 ||    41
 Cast: Flame Tongue      |    35 |    81 |     7 ||   123
       Sticky Flame      |       |     5 |     3 ||     8
       Conjure Flame     |       |     4 |       ||     4
 Abil: Hop               |     2 |       |     1 ||     3
  Use: Scroll            |       |     4 |       ||     4
       Potion            |       |       |     1 ||     1
 Stab: Sleeping          |       |     1 |       ||     1
  Eat: Chunk             |       |     5 |     1 ||     6
Armor: Robe              |    17 |     9 |     1 ||    27
Dodge: Dodged            |    44 |    44 |     7 ||    95

Table legend:
 A = Spawn XP
 B = Non-spawn XP
 C = Spawn XP percentage of total XP
 D = Spawn monster count
 E = Non-spawn monster count
 F = Spawn count percentage of total count
 G = Total turns spent on level
                    A         B        C        D         E        F      G
               +---------+---------+-------+---------+---------+-------+---------
         Total |       0 |     712 |   0.0 |       0 |      80 |   0.0 |  1821
               +---------+---------+-------+---------+---------+-------+---------
           D:1 |       0 |      16 |   0.0 |       0 |       9 |   0.0 |   197
           D:2 |       0 |     134 |   0.0 |       0 |      27 |   0.0 |   730
           D:3 |       0 |     111 |   0.0 |       0 |      19 |   0.0 |   312
           D:4 |       0 |      98 |   0.0 |       0 |       6 |   0.0 |   158
           D:5 |       0 |     220 |   0.0 |       0 |      16 |   0.0 |   335
           D:6 |       0 |     133 |   0.0 |       0 |       3 |   0.0 |    89
               +---------+---------+-------+---------+---------+-------+---------
